Cogmind - Beta 13 @@@ ROGUE MODE // 2024.07.10 @ 20:25:36 Player: George Result: Destroyed by G-34 Mercenary with Small Laser Performance ------------- Evolutions (0) 0 Regions Visited (1) 200 Robots Destroyed (30) 150 Value Destroyed (497) 497 Prototype IDs (0) 0 Alien Tech Used (0) 0 Bonus (0) 0 TOTAL SCORE: 847 Bonus ------- None Cogmind --------- Core Integrity 0/250 Matter 280/300 Energy 125/125 System Corruption 0% Temperature Cool (90) Movement Rolling (80) Location -10/Materials Parts ------- > --- POWER (1) -------- Light Ion Engine > --- PROPULSION (2) --- Wheel Wheel > --- UTILITY (2) ------ Small Storage Unit Improved Terrain Scanner > --- WEAPON (2) ------- Light Assault Rifle > --- INVENTORY (8) ---- Ion Engine Flight Unit High-capacity Matter Pod (30) Machine Analyzer Visual Processing Unit Signal Interpreter Assault Rifle Peak State ------------ > --- POWER ------------ Light Ion Engine > --- PROPULSION ------- Wheel Compact Wheel > --- UTILITY ---------- Small Storage Unit Improved Terrain Scanner > --- WEAPON ----------- Medium Laser Assault Rifle > --- INVENTORY -------- Ion Engine Flight Unit Flight Unit Small Storage Unit Large Matter Pod Machine Analyzer Signal Interpreter Light Assault Rifle [Rating: 10] Favorites ----------- Power Light Ion Engine Engine Light Ion Engine Propulsion Wheel Wheel Wheel Flight Unit Flight Unit Utility Small Storage Unit Device Improved Terrain Scanner Storage Small Storage Unit Weapon Assault Rifle Energy Gun Medium Laser Ballistic Gun Assault Rifle Build | -11 -10 ------- Run | Yrd Mat Slots Evolved . | . . Power . | . . Propulsion . | . . Utility . | . . Weapon . | . . Parts Attached 27 | 7 20 Power 4 | 1 3 Engine 4 | 1 3 Core . | . . Reactor . | . . Propulsion 12 | 2 10 Treads . | . . Leg . | . . Wheel 10 | 2 8 Hover . | . . Flight 2 | . 2 Utility 3 | 2 1 Device 1 | 1 . Storage 2 | 1 1 Processor . | . . Hackware . | . . Protection . | . . Artifact . | . . Weapon 8 | 2 6 Energy Gun 2 | . 2 Energy Cannon . | . . Ballistic Gun 6 | 2 4 Ballistic Cannon . | . . Launcher . | . . Special Weapon . | . . Impact Weapon . | . . Slashing Weapon . | . . Piercing Weapon . | . . Special Melee Weapon . | . . Unidentified Prototypes . | . . Parts Lost 9 | . 9 Power 2 | . 2 Propulsion 4 | . 4 Utility . | . . Weapon 3 | . 3 Highest Loss Streak 3 | . 3 To Critical Strikes . | . . Average Slot Usage (%) 96 | . 96 Engine 13 | . 13 Wheel 25 | . 25 Device 14 | . 14 Storage 14 | . 14 Energy Gun 8 | . 8 Ballistic Gun 19 | . 19 Naked Turns . | . . Heaviest Build 14 | 13 14 Greatest Support 26 | 20 26 Greatest Overweight (x) 3 | . 3 Average Overweight (x) . | . . Largest Inventory Capacity 8 | 8 8 Average Capacity 7 | 7 8 Most Carried 8 | 5 8 Average Carried 6 | 3 6 Final Capacity 8 | 8 8 Final Carried 7 | 5 7 Class Distribution -------------------- 70% | Mutant 29% | Scavenger-Mutant Dominant Class ---------------- Mutant | -10/Materials Resources | -11 -10 ----------- Run | Yrd Mat Matter Collected 958 | 396 562 Remotely . | . . Salvage Created 894 | 189 705 Parts 56 | 14 42 Haulers Intercepted 1 | . 1 Recyclers Shooed 1 | . 1 Parts Field Recycled . | . . Retrieved Matter . | . . Parts Self-Destructed . | . . Prevented . | . . Kills | -11 -10 ------- Run | Yrd Mat Combat Hostiles Destroyed 12 | . 12 Guns 11 | . 11 Classes Destroyed 10 | 3 7 Worker 3 | 2 1 Builder 2 | . 2 Tunneler 4 | 3 1 Hauler 1 | . 1 Recycler 2 | 1 1 Mechanic 1 | . 1 Operator 2 | . 2 Watcher 3 | . 3 Swarmer 3 | . 3 Grunt 9 | . 9 Best Kill Streak 4 | 2 4 Combat Bots Only 3 | . 3 Max Kills in Single Turn 2 | 1 2 Gunslinging 1 | . 1 Exploded . | . . Melee . | . . Uniques/NPCs Destroyed . | . . Combat | -11 -10 -------- Run | Yrd Mat Hostile Shots Fired 115 | . 115 Missed 35 | . 35 Damage Taken 954 | . 954 Core 256 | . 256 Absorbed by Shields . | . . Core Remaining (%) 100 | 100 . Volleys Fired 138 | 21 117 Largest 2 | 2 2 Hottest 70 | 40 70 Shots Fired 270 | 42 228 Gun 270 | 42 228 Cannon . | . . Launcher . | . . Special . | . . Kinetic 202 | 42 160 Thermal 68 | . 68 Explosive . | . . Electromagnetic . | . . Robot Hit Streak 9 | 4 9 Robot Miss Streak 4 | 3 4 Penetration Max . | . . Secondary Targets 3 | . 3 Max Gunslinging Chain 1 | . 1 Shots Hit Robots 148 | 19 129 Core Hits 51 | 6 45 Critical Kills . | . . Critical Parts Destroyed 1 | . 1 Critical Strikes 5 | . 5 Burn 4 | . 4 Destroy 1 | . 1 Melee Attacks . | . . Impact . | . . Slashing . | . . Piercing . | . . Sneak Attacks . | . . Combat Hostiles . | . . Follow-up Attacks . | . . Damage Inflicted 1775 | 254 1521 Guns 1775 | 254 1521 Cannons . | . . Explosions . | . . Melee . | . . Ramming . | . . Kinetic 1229 | 254 975 Thermal 546 | . 546 Explosive . | . . Electromagnetic . | . . Impact . | . . Slashing . | . . Piercing . | . . Highest Corruption . | . . Average Corruption . | . . Corruption Purged . | . . Corruption Blocked . | . . Overload Shots . | . . Overflow Damage . | . . Projectiles . | . . Explosions . | . . Melee . | . . Knockbacks . | . . Impact . | . . Kinetic . | . . Secondary . | . . Self-Inflicted Damage . | . . Shots . | . . Rammed . | . . Targets Rammed . | . . Kicked . | . . Crushed . | . . Highest Temperature 284 | 6 284 Average Temperature 70 | 6 71 Received Heat Transfer 450 | . 450 Siege Activations . | . . Robots Corrupted . | . . Combat Hostiles . | . . Parts Fried . | . . Impact Corruptions . | . . Robots Melted 1 | . 1 Combat Hostiles 1 | . 1 Parts Melted 1 | . 1 Heat Transferred 1924 | . 1924 Parts Sabotaged . | . . Parts Stolen . | . . Parts Stripped . | . . Power Chain Reactions . | . . Alert | -11 -10 ------- Run | Yrd Mat Peak Influence 219 | 30 219 Initial 19 | . 19 Average 106 | 14 125 Maximum Alert Level 1 | . 1 Low Security (%) 91 | 100 89 Level 1 8 | . 10 Level 2 . | . . Level 3 . | . . Level 4 . | . . Level 5 . | . . High Security . | . . Max Security . | . . Squads Dispatched 4 | . 4 Investigation 1 | . 1 Extermination . | . . Reinforcement 3 | . 3 Assault . | . . Garrison . | . . Intercept . | . . Searches Triggered . | . . Construction Impeded . | . . Haulers Reinforced . | . . Active Scanning Responses . | . . Cargo Convoy Interrupts . | . . Stealth | -11 -10 --------- Run | Yrd Mat Distress Signals 3 | . 3 Communications Jammed . | . . Distress Signals . | . . Times Spotted 34 | . 34 Peak Tracking Total 4 | . 4 Tactical Retreats 2 | . 2 Traps | -11 -10 ------- Run | Yrd Mat Traps Triggered . | . . Indirectly . | . . Trap Hack Attempts . | . . Triggered . | . . Disarmed . | . . Reprogrammed . | . . Reused . | . . Traps Extracted . | . . Installed . | . . Triggered . | . . Machines | -11 -10 ---------- Run | Yrd Mat Machines Disabled . | . . Max in Single Turn . | . . Machines Repaired . | . . Machines Dismantled . | . . Machines Sabotaged . | . . Overloaded Fab Kills . | . . Hacking | -11 -10 --------- Run | Yrd Mat Machines Accessed 2 | . 2 Terminals 1 | . 1 Fabricators . | . . Repair Stations . | . . Recycling Units 1 | . 1 Scanalyzers . | . . Garrison Access . | . . Total Hacks 2 | . 2 Successful 2 | . 2 Failed . | . . Catastrophic . | . . Database Lockouts . | . . Manual 10 | . 10 Terminals 1 | . 1 Fabricators . | . . Repair Stations . | . . Recycling Units 1 | . 1 Scanalyzers . | . . Garrison Access . | . . Terminal Hacks . | . . Fabricator Hacks . | . . Repair Station Hacks . | . . Recycling Unit Hacks 1 | . 1 Report Inventory 1 | . 1 Scanalyzer . | . . Garrison Access Hacks . | . . Unauthorized Hacks 1 | . 1 Terminals 1 | . 1 Botnet 1 | . 1 Fabricators . | . . Repair Stations . | . . Recycling Units . | . . Scanalyzers . | . . Garrison Access . | . . Data Cores Recovered . | . . Used . | . . Hacking Detections 1 | . 1 Full Trace Events 1 | . 1 Feedback Events . | . . Feedback Blocked . | . . Robot Schematics Acquired . | . . Robots Built . | . . Authchips . | . . Time . | . . Total Robot Build Rating . | . . Part Schematics Acquired . | . . Parts Built . | . . Authchips . | . . Time . | . . Total Part Build Rating . | . . Parts Repaired . | . . Time . | . . Parts Recycled . | . . Recycled Matter . | . . Retrieved Matter . | . . Retrieved Components . | . . Parts Scanalyzed . | . . Part Schematics Acquired . | . . Parts Damaged . | . . Bothacking | -11 -10 ------------ Run | Yrd Mat Used RIF Installer . | . . Robots Hacked . | . . Non-combat . | . . Combat . | . . Robot Hacks Applied . | . . Relay Couplers Released . | . . Fabnet Peak Effective % . | . . Robots Rewired . | . . Allies Hacked . | . . Hacks Repelled . | . . Allies | -11 -10 -------- Run | Yrd Mat Total Allies . | . . Largest Group . | . . Highest-Rated Group . | . . Highest-Rated Ally . | . . Total Orders . | . . Ally Attacks . | . . Total Damage . | . . Kills . | . . Allies Corrupted . | . . Allies Melted . | . . Intel | -11 -10 ------- Run | Yrd Mat Robot Analysis Total . | . . Derelict Logs Recovered . | . . Drone Launches . | . . Drone Recoveries . | . . Exploration | -11 -10 ------------- Run | Yrd Mat Turns Passed 1074 | 175 899 Spaces Moved 692 | 122 570 Core 2 | 1 1 Treads . | . . Legs . | . . Wheels 683 | 121 562 Hover . | . . Flight 7 | . 7 Fastest Speed 50 | 50 80 Average Speed 85 | 79 86 Slowest Speed 200 | 80 200 Overloaded Moves . | . . Propulsion Burnouts . | . . Robots Hopped . | . . Cave-ins Triggered . | . . Exploration Rate (%) 33 | 4 63 Regions Visited 1 Branch Regions . Pre-discovered Areas . | . . Known Exits Taken . | . . Unknown Exits Taken 1 | 1 . Scrap Searched . | . . Spaces Dug . | . . Terrain Destroyed . | . . Melee . | . . Projectile . | . . AOE . | . . Terrain Rammed . | . . Walls Destroyed . | . . Machines Disabled . | . . Actions | -11 -10 --------- Run | Yrd Mat Total 911 | 154 757 Wait 30 | . 30 Move 691 | 121 570 Hop . | . . Pick Up 17 | 5 12 Fast Attach 11 | 7 4 Attach 7 | . 7 Detach 1 | . 1 Swap 9 | . 9 Drop 7 | . 7 Fire 138 | 21 117 Melee . | . . Ram . | . . Kick . | . . Crush . | . . Escape Stasis . | . . Rewire . | . . Trap . | . . Miscellaneous . | . . Route ------- -11/Scrapyard -10/Materials (discovered 2 exits: [*Mat] / [*Min]) History --------- Turn | Location | Event 34 | -11/Scrapyard | Discovered new exit (range 14) 176 | -11/Scrapyard | Entered Materials 310 | -10/Materials | Build established: Mutant 492 | -10/Materials | Discovered new exit (range 15) 498 | -10/Materials | Lost 3 parts (1p1n1w) 812 | -10/Materials | Lost 3 parts (1p1n1w) 823 | -10/Materials | Discovered new exit (range 15) 977 | -10/Materials | Core integrity fell below 50% 978 | -10/Materials | Core integrity fell below 20% 1075 | -10/Materials | Destroyed by G-34 Mercenary with Small Laser Last Messages --------------- 00996_ U-05 Engineer builds a Wall. 00996_ U-05 Engineer lays Concrete. 00997_ U-05 Engineer destroyed. 00997_ U-05 Engineer builds a Wall. 00998_ U-05 Engineer lays Concrete. 01004_ Acquired 18 matter. 01004_ U-05 Engineer lays Concrete. 01006_ Acquired Wheel. 01006_ U-05 Engineer lays Concrete. 01016_ T-07 Excavator is excavating. 01017_ Connecting with Terminal... >>Trojan(Botnet) Trojan loaded successfully. Testing... Terminal linked with 0 systems. Awaiting botnet instructions. 01017_ ALERT: Suspicious activity at Terminal M006. Dispatching Investigation squad. 01059_ G-34 Mercenary destroyed. 01065_ Med. Laser destroyed. Map ----- +----------------------------------------------------+ | ???????????????# # "" + # # | | ???????????????# # Y" # # ! # | | ???????????????# # "" # ##+#####+## | | ???????????????#####/##### # = */ | | ??????????######## ################# ## | | ?????????# # !##!######### | | ?????????# T # # ! ###### | | ????????# # # ! | | ????????## ##### ## # / % | | ?????????# ?????######## # ! # ! | | ?????????#??????????????# # ||= # ###### | | ?????????????#???????#??# # || ## ####??# | | ????????????????????? ??# # |! ## #?#???# | | ????????????????????????# ############ ####### | | ????????????????????????# ## | ## #???## | | ??????????????? ?????"??# + ##^^^##?#?# | | ??????????????? ????????# ## # ???## | | ?????????????????????? ?# #?? # #?#?# | | ????????????????????? ?## ###??? ?= / #???# | | ????????????????????????# #?????? ?? # #???# | | ????????????????????????#%#??????? ??# #??## | | ????????????????????????#*#???????? ?## ##???# | | ????????????????????????# #????????? ?# #???## | | ?????????? ???????? ????# #????????#???# #?##?# | | ????????????????????? ??# #????????#???# < #????# | | ????????????????????????#@########????## #????## | | ????????????????????????# g #???####?#???# | | ??????????????????? ????#+########??????????????# | | ??????????????????? ???? ?????????????#???????# | | ?????????? ?????????????"""?????????????????????# | | ???????????????????????#""" ????????????????????# | | ???????????????????????#""" ?????????##?????????# | | ???????????????????????# ???????????????????# | | ???????????????????????? ???????????????????## | | ???????????????????#????#####????????#???????????? | | | | | | | | | | | | | | | | | | | | | | | | | | | | | | | +----------------------------------------------------+ Best States ------------- Heat Dissipation 25 Energy Generation 10 Energy Capacity 250 Matter Stores 300 Matter Capacity 300 Sight Range 16 Terrain Scan Range 16 Terrain Scan Density 10 Evasion (%) 44 Item Schematics ----------------- None Robot Schematics ------------------ None Fabricated ------------ Nothing Alien Tech Used ----------------- None Achievements -------------- None Challenges ------------ None Game ------ Seed AuthchipBombCutter Manual? 0 Play Time 00:22:01 Cumulative 7.4 hours Start 2024.07.10 @ 20:04:47 End 2024.07.10 @ 20:25:36 Sessions 1 Manual Loads 0 Difficulty Rogue Special Mode None Game No. 6 Rogue 6 Adventurer 0 Explorer 0 Win Type - Total 0 Types 0/0/0/0/0/0/0/0/0 Lore% 12 Gallery% 7 Achievement% 12 Wizard Run 0 Options --------- Layout 1 ASCII 0 Keyboard 0 Movement Mouse Keybinds 0 Fullscreen 1 Font 24/Smallcaps Map View 50x35 Zoom Use 0% Tactical HUD 1 Map Filters NONE Filters NONE Steam 1 RUN: 3b61f8e7-71f6-410b-8bc7-e508d719b504